Map: Pillars of Gold LE

Players

Scarlett - Winner!

  • Race: Zerg Zerg
  • League: Master
  • Spawn Location: 7:00

Vindicta

  • Race: Terran Terran
  • League: Master
  • Spawn Location: 1:00

Event: DreamHack SC2 Masters 2020 Winter

VOD

Have the link to the VOD?

Description

Time

  • Played on: Oct. 31, 2020, 4:18 p.m.
  • Length: 9:33

All games in this series

Show
View Real Time Build Order
Export as new Build Order

Scarlett Zerg - Winner!

Build Orders: Hatch First 

Get SALT Encoding   

  12  0:00  Drone  
  13  0:12  Overlord  
  13  0:17  Drone  
  14  0:31  Drone x2  
  16  0:49  Hatchery  
  15  0:52  Drone  
  15  0:56  Drone  
  17  1:00  Drone  
  18  1:09  Extractor  
  17  1:15  Spawning Pool  
  16  1:18  Drone  
  16  1:22  Drone  
  18  1:28  Drone  
  19  1:39  Drone  
  20  1:50  Overlord  
  20  2:01  Queen x2  
  20  2:02  Zergling x4  
  26  2:12  Drone x2  
  26  2:14  Metabolic Boost  
  28  2:24  Drone x2  
  30  2:35  Drone x2  
  31  2:38  Queen  
  33  2:45  Drone, Overlord  
  34  3:02  Hatchery  
  33  3:06  Drone  
  33  3:07  Drone x3  
  33  3:11  Overlord  
  36  3:15  Drone x2  
  38  3:21  Queen  
  38  3:25  Drone  
  41  3:27  Drone x2  
  41  3:30  Zergling x2  
  44  3:41  Drone x5  
  49  3:45  Queen  
  51  3:52  Drone  
  51  3:54  Roach Warren  
  51  3:58  Zergling x2, Overlord  
  52  4:03  Overlord  
  52  4:05  Extractor  
  51  4:13  Queen  
  51  4:16  Drone x6  
  59  4:22  Zergling x4  
  59  4:23  Drone x2  
  63  4:28  Overlord  
  63  4:31  Drone, Extractor  
  63  4:32  Lair  
  63  4:41  Roach x3  
  69  4:48  Overlord  
  69  4:49  Roach  
  69  4:50  Roach x2  
  75  4:52  Overlord  
  75  4:57  Evolution Chamber x2, Drone x2  
  75  4:59  Drone  
  76  5:03  Overlord  
  76  5:15  Drone x9  
  76  5:18  Extractor  
  84  5:27  Zerg Ground Armor Level 1  
  84  5:31  Zergling x8  
  84  5:34  Extractor  
  84  5:35  Overlord  
  87  5:36  Drone, Extractor  
  87  5:42  Drone x4  
  89  5:44  Overlord  
  89  5:46  Zerg Missile Weapons Level 1  
  89  5:47  Drone x3  
  92  5:51  Drone  
  93  6:00  Glial Reconstitution  
  93  6:02  Drone x3  
  96  6:06  Drone  
  96  6:07  Drone  
  96  6:10  Hatchery  
  97  6:12  Roach x4  
  97  6:14  Overlord  
  97  6:17  Overlord  
  105  6:24  Roach  
  105  6:25  Roach x3  
  111  6:41  Roach x8  
  127  6:50  Overlord x4  
  127  6:58  Roach  
  127  7:00  Overlord x2  
  129  7:06  Overseer  
  129  7:13  Roach x8  
  145  7:22  Roach x7  
  159  7:29  Roach x4  
  167  7:31  Overlord  
  167  7:32  Ravager x4  
  167  7:33  Ravager  
  167  7:35  Ravager  
  167  7:36  Ravager  
  174  7:43  Overlord  
  174  7:44  Overlord  
  174  7:45  Roach x3  
  177  7:55  Roach  
  177  7:56  Roach x6  
  191  8:09  Drone x8  
  199  8:22  Overseer  
  175  8:32  Roach x15  
  164  8:47  Overseer  
  164  8:52  Ravager  
  157  9:09  Roach x11  
  166  9:10  Roach x2  
  171  9:25  Hatchery  
Show
View Real Time Build Order
Export as new Build Order

Vindicta Terran 

Build Orders: Reaper Expand, Hellion Banshee 

Get SALT Encoding   

  12  0:00  SCV  
  13  0:14  SCV  
  13  0:18  Supply Depot  
  14  0:26  SCV  
  15  0:39  SCV  
  15  0:40  Barracks  
  16  0:45  Refinery  
  16  0:51  SCV  
  17  1:03  SCV  
  18  1:16  SCV  
  19  1:27  Reaper  
  19  1:28  Orbital Command  
  20  1:44  Command Center  
  20  1:53  Supply Depot  
  20  1:56  SCV  
  20  1:59  Marine  
  22  2:08  SCV  
  23  2:15  Factory  
  23  2:20  SCV  
  23  2:22  Barracks Reactor  
  24  2:32  SCV  
  25  2:45  Command Center  
  25  2:47  SCV  
  26  2:59  SCV  
  26  3:02  Orbital Command  
  27  3:14  Hellion x2  
  27  3:19  Starport  
  31  3:21  Barracks Tech Lab  
  31  3:23  SCV  
  32  3:28  Refinery  
  33  3:35  SCV  
  33  3:38  Hellion  
  33  3:39  Hellion  
  37  3:42  SCV  
  37  3:47  SCV  
  39  3:54  SCV  
  40  3:59  SCV  
  40  4:00  Hellion x2  
  46  4:06  SCV, Banshee  
  46  4:08  Orbital Command  
  48  4:11  SCV  
  48  4:15  Barracks Tech Lab  
  49  4:18  SCV  
  49  4:23  Hellion x2  
  54  4:25  SCV  
  54  4:30  Supply Depot, SCV  
  56  4:36  Stimpack  
  56  4:37  Marine, SCV  
  59  4:42  SCV  
  61  4:52  SCV  
  61  4:53  Barracks  
  61  4:55  SCV, Supply Depot, Barracks  
  61  4:56  Siege Tank  
  61  4:59  Starport Reactor  
  65  5:01  SCV  
  65  5:06  SCV  
  66  5:09  SCV  
  66  5:13  Marine  
  68  5:15  Engineering Bay x2  
  68  5:16  SCV  
  68  5:18  SCV  
  68  5:19  Refinery x2  
  71  5:21  SCV  
  71  5:28  SCV  
  72  5:30  Siege Tank  
  72  5:31  Marine  
  72  5:32  Bunker x2  
  72  5:35  SCV x2  
  75  5:40  SCV  
  75  5:42  Marine  
  77  5:49  Supply Depot  
  77  5:50  Starport Reactor  
  77  5:51  Supply Depot  
  77  6:00  Barracks x2, Terran Infantry Weapons Level 1  
  77  6:01  Terran Infantry Armor Level 1  
  77  6:04  Orbital Command  
  77  6:10  Marine x4  
  81  6:12  Siege Tank, Marine, Supply Depot  
  81  6:14  SCV  
  81  6:15  SCV  
  81  6:16  Combat Shield  
  87  6:23  Supply Depot  
  87  6:26  SCV  
  87  6:28  Marine x2  
  87  6:29  Marine, Supply Depot  
  87  6:30  Supply Depot  
  91  6:33  SCV x2  
  91  6:34  Medivac  
  91  6:36  Medivac  
  91  6:39  Marine  
  97  6:41  SCV  
  97  6:45  SCV x2  
  99  6:47  Armory  
  99  6:49  Siege Tank  
  99  6:50  Marine  
  99  6:52  Marine x2  
  99  6:53  SCV  
  99  6:54  Barracks Reactor  
  104  6:57  SCV x2  
  104  6:58  Barracks Tech Lab, Refinery  
  104  6:59  Supply Depot  
  106  7:02  Bunker  
  106  7:03  Marine  
  106  7:04  Marauder  
  106  7:05  SCV  
  110  7:09  SCV x2  
  110  7:12  Marine  
  113  7:18  Factory, Bunker  
  113  7:21  Concussive Shells  
  113  7:22  SCV x2  
  109  7:24  SCV  
  109  7:25  Marauder  
  109  7:27  Marine  
  109  7:28  Marine, Sensor Tower  
  112  7:31  Marine x2  
  112  7:32  Marauder  
  112  7:34  SCV x2, Marine  
  112  7:35  Marine  
  120  7:38  Medivac  
  120  7:42  Medivac, Supply Depot  
  120  7:43  Supply Depot  
  124  7:45  Marine  
  124  7:50  Marine, Marauder  
  123  7:51  Marine  
  126  7:58  Hellion  
  126  8:00  Marauder  
  126  8:14  Marine, Marauder  
  129  8:20  Siege Tank  
  129  8:26  Marine  
  109  8:27  Marine, Marauder  
  109  8:29  Marine  
  109  8:32  Marine  
  109  8:33  Marine x2  
  85  8:36  Marauder  
  76  8:42  Factory Tech Lab  
  76  8:44  Marine  
  76  8:45  Marine  
  76  8:47  Marine  
  77  8:48  SCV  
  77  8:49  Marauder  
  82  8:57  Marauder  
  82  8:58  Marine  
  83  9:03  Medivac  
  83  9:08  SCV  
  83  9:10  Marauder  
  83  9:11  Marine  
  83  9:12  Marine  
Tags
 
Add a new tag
Caveats
  • Supply blocks, unpowered buildings, or Contaminate may cause inaccurate times.
  • Supply counts are checked every 10 seconds.